 Dungeon Crawl Stone Soup version 0.23-a0-356-g1757c6e (webtiles) character file.

198 namelastname112 the Skirmisher (level 5, -2/51 HPs)
             Began as a Draconian Wanderer on Oct 21, 2018.
             Slain by an ogre
             ... wielding a +0 giant spiked club
              (21 damage)
             ... on level 5 of the Dungeon.
             The game lasted 00:03:58 (2538 turns).

namelastname112 the Skirmisher (Draconian Wanderer) Turns: 2538, Time: 00:03:59

Health: -2/51      AC:  5    Str: 16    XL:     5   Next: 47%
Magic:  5/5        EV: 12    Int: 12    God:
Gold:   322        SH:  0    Dex: 10    Spells: 4/4 levels left

rFire    . . .     SeeInvis .   a - +2 falchion
rCold    . . .     Gourm    .   (no shield)
rNeg     . . .     Faith    .   (armour unavailable)
rPois    .         Spirit   .   (helmet restricted)
rElec    .         Reflect  .   (no cloak)
rCorr    .         Harm     .   (no gloves)
MR       +....                  (no boots)
Stlth    +.........             (no amulet)
HPRegen  0.17/turn              r - ring of protection from magic
MPRegen  0.09/turn              (no ring)

@: no status effects
A: unfitting armour, cold-blooded, AC +5
a: no special abilities


You were on level 5 of the Dungeon.
You were not hungry.

You visited 1 branch of the dungeon, and saw 5 of its levels.

You collected 322 gold pieces.

Inventory:

Hand Weapons
 a - a +2 falchion (weapon)
Magical Staves
 o - an uncursed staff of energy
Jewellery
 g - an uncursed ring of ice
 r - a ring of protection from magic (left hand)
Wands
 m - a wand of disintegration (12)
Scrolls
 b - 4 scrolls of fear {unknown}
 f - 2 scrolls of remove curse {unknown}
 h - a scroll of enchant armour {unknown}
 i - a scroll of enchant weapon {unknown}
 j - a scroll of noise {unknown}
 k - a scroll of magic mapping {unknown}
 q - a scroll of immolation {unknown}
Potions
 c - 2 potions of curing
 e - a potion of magic {unknown}
 l - a potion of heal wounds {unknown}
 n - a potion of might {unknown}
 p - a potion of lignification {unknown}
Comestibles
 d - 6 rations


   Skills:
 + Level 6.5 Fighting
 + Level 3.1 Long Blades
   Level 1.0 Crossbows
 + Level 2.5 Dodging
 - Level 1.0 Stealth
   Level 1.0 Shields
 - Level 1.0 Evocations


You had 4 spell levels left.
You didn't know any spells.
Your spell library was empty.

Dungeon Overview and Level Annotations

Branches:
Dungeon (5/15)
 Temple: D:4-7

Altars:
The Shining One

Annotations:
D:4 Eustachio


Innate Abilities, Weirdness & Mutations

Your plain brown scales are hard. (AC +5)
You cannot fit into any form of body armour.
You are cold-blooded and may be slowed by cold attacks.


Message History

The ogre is lightly wounded.
You hit the ogre.
The ogre is moderately wounded.
The ogre hits you with a +0 giant spiked club!
You take 12 damage, and have 28/51 hp.
MASSIVE DAMAGE!!
You hit the ogre.
The ogre is moderately wounded.
The ogre barely misses you.
You riposte.
You barely miss the ogre.
The ogre is moderately wounded.
You hit the ogre but do no damage.
The ogre is moderately wounded.
The ogre closely misses you.
You barely miss the ogre. You tail-slap the ogre.
The ogre is heavily wounded.
The ogre hits you with a +0 giant spiked club!
You take 9 damage, and have 19/51 hp.
You hit the ogre. You tail-slap the ogre.
The ogre is severely wounded.
The ogre hits you with a +0 giant spiked club!!
You die...

.......#.........(....
.......#..............
.....##...###...####'
....##...###'####...
######........#......#...
#...##........#..[...#...
#.............#......#...
#.......O##+######'####+#
#.......@##...##...###...
#.............#..........
#.............#..........
#...####+##...#..........
#...##... #...##...##....
#........ #...##...##....
#........##....#.........
#........................
#........(......)........


You could see an ogre.

Vanquished Creatures
  2 orc priests (D:3)
  A worker ant (D:5)
  3 gnolls (D:2)
  3 adders
  2 dart slugs
  2 leopard geckos
  4 orcs
  A ball python (D:2)
  2 giant cockroaches
  4 goblins
  3 hobgoblins
  3 jackals (D:1)
  A quokka (D:2)
  7 bats
  A frilled lizard (D:2)
  10 kobolds
  8 rats
57 creatures vanquished.

Notes
Turn   | Place    | Note
-------+----------+-------------------------------------------
     0 | D:1      | namelastname112 the Draconian Wanderer began the quest for
                  | the Orb.
     0 | D:1      | namelastname112 set off with: a +2 falchion, a +0 hand axe,
                  | a potion of curing, a ration
     0 | D:1      | Reached XP level 1. HP: 23/23 MP: 1/1
   187 | D:1      | Reached XP level 2. HP: 27/29 MP: 2/2
   562 | D:1      | Reached skill level 1 in Dodging
   801 | D:2      | Reached XP level 3. HP: 34/37 MP: 3/3
   820 | D:2      | Found a glowing golden altar of the Shining One.
   963 | D:2      | Reached skill level 6 in Fighting
  1322 | D:2      | Reached XP level 4. HP: 30/44 MP: 4/4
  1718 | D:3      | Reached XP level 5. HP: 13/51 MP: 5/5
  2327 | D:4      | Noticed Eustachio
  2349 | D:5      | Entered Level 5 of the Dungeon
  2419 | D:5      | Noticed an ogre
  2538 | D:5      | Slain by an ogre

Vault maps used:
D:1:      minmay_arrival_semitransparent
D:2:      minivault_23, nicolae_tso_carved_into_rock
D:4:      chequers_temple_overflow_statue_of_worship, kennysheep_nondescript,
          uniq_ijyb, uniq_eustachio, uniq_pikel
D:5:      enter_ossuary_2, first_ration

Skill      XL: |  1  2  3  4  5 |
---------------+----------------+-----
Dodging        | 1 2 |  2.5
Long Blades    | 2 3 |  3.1
Fighting       | 6 |  6.5
Crossbows      | |  1.0
Stealth        | |  1.0
Shields        | |  1.0
Evocations     | |  1.0

Action                   |  1- 3 |  4- 6 || total
-------------------------+-------+-------++-------
Melee: Falchion          |    93 |    61 ||   154
       Tailslap          |     9 |     6 ||    15
  Eat: Chunk             |     1 |     4 ||     5
Armor: Skin              |    33 |    17 ||    50
Dodge: Dodged            |    82 |    45 ||   127
       Rpst.: Falchion   |    32 |    13 ||    45

Table legend:
 A = Non-vault XP
 B = Vault XP
 C = Vault XP percentage of total XP
 D = Non-vault monster count
 E = Vault monster count
 F = Vault count percentage of total count
                 A         B        C        D         E       F
            +---------+---------+-------+---------+---------+-------
      Total |     284 |       0 |   0.0 |      57 |       0 |   0.0
            +---------+---------+-------+---------+---------+-------
        D:1 |      30 |       0 |   0.0 |      19 |       0 |   0.0
        D:2 |      89 |       0 |   0.0 |      23 |       0 |   0.0
        D:3 |     111 |       0 |   0.0 |      11 |       0 |   0.0
        D:5 |      54 |       0 |   0.0 |       4 |       0 |   0.0
            +---------+---------+-------+---------+---------+-------
